 Dungeon Crawl Stone Soup version 0.21-a0-584-g185da8e (webtiles) character file.

585 Spazmo the Magician (level 7, -12/36 HPs)
             Began as a Deep Elf Fire Elementalist on Dec 21, 2017.
             Was a Follower of Vehumet.
             Mangled by an ogre
             ... wielding a +0 giant spiked club
              (34 damage)
             ... on level 5 of the Dungeon.
             The game lasted 00:12:06 (4758 turns).

Spazmo the Magician (Deep Elf Fire Elementalist)    Turns: 4758, Time: 00:12:07

Health: -12/36     AC:  2    Str:  5    XL:     7   Next: 14%
Magic:  7/17       EV: 13    Int: 22    God:    Vehumet [*.....]
Gold:   495        SH:  6    Dex: 15    Spells: 2/17 levels left

rFire    . . .     SeeInvis .   i - +1 club
rCold    . . .     Gourm    .   h - +1 buckler
rNeg     . . .     Faith    .   a - +0 robe
rPois    +         Spirit   .   (no helmet)
rElec    .         Reflect  .   (no cloak)
rCorr    +         Harm     .   (no gloves)
MR       .....                  (no boots)
Stlth    ++........             (no amulet)
HPRegen  0.12/turn              r - ring of resist corrosion (curse)
MPRegen  0.15/turn              q - ring of poison resistance

@: very slightly contaminated
A: no striking features
a: Renounce Religion


You were on level 5 of the Dungeon.
You worshipped Vehumet.
Vehumet was aware of your devotion.
You were not hungry.

You visited 2 branches of the dungeon, and saw 6 of its levels.
You also visited: Sewer and Ossuary.

You collected 495 gold pieces.

Inventory:

Hand Weapons
 i - a +1 club (weapon)
 u - a +0 blowgun
Missiles
 f - 297 stones (quivered)
 s - 24 poisoned needles
Armour
 a - a +0 robe (worn)
 h - a +1 buckler (worn)
Jewellery
 d - an uncursed ring of protection from cold
 l - an uncursed ring of protection from fire
 q - a ring of poison resistance (right hand)
 r - a cursed ring of resist corrosion (left hand)
Scrolls
 g - 3 scrolls of identify
 k - 2 scrolls of teleportation
 m - 3 scrolls of remove curse
 n - a scroll of amnesia
 x - a scroll of enchant weapon
 A - a scroll of magic mapping
Potions
 e - a potion of invisibility
 j - 2 potions of agility
 o - 5 potions of curing
 p - a potion of ambrosia
 w - 2 potions of heal wounds
 z - a potion of might
 B - a potion of resistance
 C - a potion of cancellation
Books
 b - a book of Flames

   Spells                             Type                      Level
   a - Flame Tongue                   Conjuration/Fire             1
   b - Throw Flame                    Conjuration/Fire             2
   c - Conjure Flame                  Conjuration/Fire             3
   d - Inner Flame                    Hexes/Fire                   3
   e - Sticky Flame                   Conjuration/Fire             4
   f - Fireball                       Conjuration/Fire             5
 t - a book of Changes

   Spells                             Type                      Level
   a - Beastly Appendage              Transmutation                1
   b - Sticks to Snakes               Transmutation                2
   c - Spider Form                    Transmutation/Poison         3
   d - Ice Form                       Ice/Transmutation            4
   e - Blade Hands                    Transmutation                5
 y - a book of Misfortune

   Spells                             Type                      Level
   a - Confusing Touch                Hexes                        1
   b - Confuse                        Hexes                        3
   c - Gell's Gravitas                Translocation                3
   d - Petrify                        Transmutation/Earth          4
   e - Metabolic Englaciation         Hexes/Ice                    5
   f - Yara's Violent Unravelling     Hexes/Transmutation          5
Comestibles
 c - 14 rations
 v - 4 chunks of flesh


   Skills:
 - Level 3.0 Dodging
 - Level 3.0 Stealth
 + Level 2.8 Shields
 + Level 5.7 Spellcasting
 + Level 4.0 Conjurations
 + Level 5.1 Fire Magic


You had 2 spell levels left.
You knew the following spells:

 Your Spells              Type           Power        Failure   Level  Hunger
a - Flame Tongue          Conj/Fire      ####.        1%          1    None
b - Throw Flame           Conj/Fire      ####..       2%          2    None
c - Conjure Flame         Conj/Fire      ####....     4%          3    ##.....
d - Sticky Flame          Conj/Fire      ####....     16%         4    ####...
e - Fireball              Conj/Fire      ####......   41%         5    #####..


Dungeon Overview and Level Annotations

Branches:
Dungeon (5/15)             Temple (1/1) D:4

Altars:
Ashenzari
Elyvilon
Fedhas
Sif Muna
Uskayaw
Vehumet
Yredelemnul


Message History

The ogre hits you with a giant spiked club!
Casting: Flame Tongue
Confirm with . or Enter, or press ? or * to list all spells.
Aiming: Flame Tongue
Press: ? - help, Shift-Dir - straight line, f/p - ogre
Aim: an ogre, wielding a giant spiked club (heavily wounded)
You miscast Flame Tongue.
You are very lightly contaminated with residual magic.
Nothing appears to happen.
Casting: Flame Tongue
Confirm with . or Enter, or press ? or * to list all spells.
Aiming: Sticky Flame
Press: ? - help, Shift-Dir - straight line, f/p - ogre
Aim: an ogre, wielding a giant spiked club (heavily wounded)
The sticky flame hits the ogre.
The ogre is severely wounded.
The ogre is covered in liquid flames!
The ogre burns!
The ogre hits you with a giant spiked club!!
Ouch! That really hurt!
You die...

.....# *,,,,,* *********** .....#
*,....* *,,,,,,,,,, .....#
*,,...########.,,,,,,,,, ######
***#..........#,,,,,*,,,
#..>.......#,,..,*,,,
#..........###'###.,,
#.................#**
#####*#######....O............#,,
....#...........@.............#,,
....#.........................#,,
....#.........................#,,
..............................#+*
.....#.................########,,
.....##................#,,,,,,,,,
.....###...............#,,,,,,,,,
.....#.##....<.........+,,,,,,,,,
####.#..##.............#####**,,,


You could see an ogre (burning).

Vanquished Creatures
  An ogre (D:5)
  A phantom (D:4)
  A crocodile (Sewer)
  Jessica (D:2)
  An iguana (D:5)
  2 worker ants (D:5)
  9 mummies
  2 adders
  An ooze (D:2)
  An adder zombie (D:3)
  2 worms
  2 dart slugs
  4 leopard geckos
  2 ball pythons
  7 giant cockroaches
  3 gnoll zombies (Ossuary)
  10 goblins
  8 hobgoblins
  8 jackals
  7 kobolds
  A quokka (D:2)
  12 bats
  2 frilled lizards
  3 hobgoblin zombies (Ossuary)
  2 kobold zombies (Ossuary)
  A leopard gecko skeleton (D:4)
  A quokka skeleton (D:4)
  10 rats
105 creatures vanquished.

Notes
Turn   | Place    | Note
-------+----------+-------------------------------------------
     0 | D:1      | Spazmo the Deep Elf Fire Elementalist began the quest for the Orb.
     0 | D:1      | Reached XP level 1. HP: 10/10 MP: 6/6
   342 | D:1      | Reached XP level 2. HP: 15/15 MP: 4/8
   602 | D:1      | Learned a level 2 spell: Throw Flame
   678 | D:1      | Reached XP level 3. HP: 12/19 MP: 5/9
   688 | D:1      | Learned a level 3 spell: Conjure Flame
  1557 | D:2      | Reached skill level 1 in Shields
  1692 | D:2      | Found a deep blue altar of Sif Muna.
  1762 | D:2      | Noticed Jessica
  1769 | D:2      | Killed Jessica
  1769 | D:2      | Reached XP level 4. HP: 8/24 MP: 4/11
  2131 | D:3      | Found a white marble altar of Elyvilon.
  2334 | D:3      | Found a glowing drain.
  2338 | Sewer    | Entered a sewer
  2410 | Sewer    | Noticed a crocodile
  2417 | Sewer    | Killed a crocodile
  2417 | Sewer    | Reached XP level 5. HP: 18/28 MP: 5/13
  2423 | Sewer    | Learned a level 4 spell: Sticky Flame
  3167 | D:4      | Found a hide-covered altar of Uskayaw.
  3185 | D:4      | Found a staircase to the Ecumenical Temple.
  3197 | Temple   | Entered the Ecumenical Temple
  3205 | Temple   | Became a worshipper of Vehumet
  3273 | D:4      | Noticed a phantom
  3285 | D:4      | Killed a phantom
  3285 | D:4      | Reached skill level 5 in Spellcasting
  3285 | D:4      | Reached XP level 6. HP: 23/32 MP: 7/15
  3292 | D:4      | Learned a level 5 spell: Fireball
  3930 | D:5      | Entered Level 5 of the Dungeon
  3962 | D:5      | Found a sand-covered staircase.
  3971 | Ossuary  | Entered an ossuary
  4282 | Ossuary  | Reached * piety under Vehumet
  4282 | Ossuary  | Offered knowledge of Freeze by Vehumet.
  4530 | D:5      | Reached skill level 5 in Fire Magic
  4728 | D:5      | Reached XP level 7. HP: 36/36 MP: 13/17
  4758 | D:5      | Mangled by an ogre

Vault maps used:
D:1:      dpeg_arrival_circle_labyrinth_c, eino_curves_01
D:2:      first_ration, led_sif_pool, uniq_jessica
D:3:      gup_sewer_entry_bowl, elyvilon_altar_4
D:4:      lemuel_round_altar, minmay_temple_entry_butterflies
D:5:      gup_ossuary_entry_pyramid
Temple:   regret_index_temple_mists
Sewer:    sewer_big_baddie
Ossuary:  ossuary_tomb_3

Skill      XL: |  1  2  3  4  5  6 |
---------------+-------------------+-----
Stealth        | 3 |  3.0
Dodging        | 3 |  3.0
Shields        | 1 2 |  2.8
Conjurations   | 2 3 4 |  4.0
Spellcasting   | 4 5 |  5.7
Fire Magic     | 4 5 |  5.1

Action                   |  1- 3 |  4- 6 |  7- 9 || total
-------------------------+-------+-------+-------++-------
Melee: Club              |     3 |     2 |       ||     5
 Cast: Flame Tongue      |    73 |   127 |     5 ||   205
       Throw Flame       |       |     8 |     1 ||     9
       Conjure Flame     |       |     1 |       ||     1
       Sticky Flame      |       |       |     1 ||     1
  Use: Scroll            |     4 |    12 |       ||    16
       Potion            |     1 |     4 |       ||     5
  Eat: Chunk             |     2 |     4 |       ||     6
       Ration            |       |     2 |       ||     2
Armor: Robe              |    10 |     7 |       ||    17
Dodge: Dodged            |    25 |    23 |       ||    48
Block: Buckler           |     7 |     2 |       ||     9

Table legend:
 A = Spawn XP
 B = Non-spawn XP
 C = Spawn XP percentage of total XP
 D = Spawn monster count
 E = Non-spawn monster count
 F = Spawn count percentage of total count
 G = Total turns spent on level
                    A         B        C        D         E        F      G
               +---------+---------+-------+---------+---------+-------+---------
         Total |       0 |     836 |   0.0 |       0 |     105 |   0.0 |  4758
               +---------+---------+-------+---------+---------+-------+---------
           D:1 |       0 |      54 |   0.0 |       0 |      30 |   0.0 |  1384
           D:2 |       0 |      92 |   0.0 |       0 |      19 |   0.0 |   707
           D:3 |       0 |      63 |   0.0 |       0 |      25 |   0.0 |   760
           D:4 |       0 |     124 |   0.0 |       0 |       4 |   0.0 |   878
           D:5 |       0 |     240 |   0.0 |       0 |       5 |   0.0 |   313
         Sewer |       0 |     107 |   0.0 |       0 |       6 |   0.0 |   184
       Ossuary |       0 |     156 |   0.0 |       0 |      16 |   0.0 |   515
               +---------+---------+-------+---------+---------+-------+---------
